 Dungeon Crawl Stone Soup version 0.24-a0-479-g9a978d2894 (webtiles) character file.

Game seed: 5811886959173718663

1930 Azzok the Digger (level 8, 0/57 HPs)
             Began as a Pale Draconian Earth Elementalist on July 6, 2019.
             Was a Believer of Sif Muna.
             Slain by a yak (2 damage)
             ... on level 6 of the Dungeon.
             The game lasted 00:10:00 (8270 turns).

Azzok the Digger (DrEE)                             Turns: 8270, Time: 00:10:00

Health: 0/57       AC:  8    Str: 11    XL:     8   Next: 97%
Magic:  2/16       EV: 12    Int: 18    God:    Sif Muna [**....]
Gold:   342        SH:  0    Dex: 11    Spells: 9/18 levels left

rFire    . . .     SeeInvis +   g - +2 short sword (speed)
rCold    . . .     Gourm    +   (no shield)
rNeg     . . .     Faith    .   (armour unavailable)
rPois    .         Spirit   .   (helmet restricted)
rElec    .         Reflect  .   r - +0 cloak
rCorr    .         Harm     .   i - +0 pair of gloves
MR       .....                  (no boots)
Stlth    ++........             s - amulet of the gourmand
HPRegen  0.19/turn              e - ring of see invisible
MPRegen  0.15/turn              (no ring)

@: no status effects
A: breathe steam, unfitting armour, cold-blooded, AC +6
a: Breathe Steam, Channel Magic, Renounce Religion


You were on level 6 of the Dungeon.
You worshipped Sif Muna.
Sif Muna was pleased with you.
You were not hungry.

You visited 1 branch of the dungeon, and saw 6 of its levels.

You collected 342 gold pieces.

Inventory:

Hand Weapons
 g - a +2 short sword of speed (weapon)
 h - a +0 club
Missiles
 b - 180 stones (quivered)
Armour
 i - a +0 pair of gloves (worn)
 r - a +0 cloak (worn)
Jewellery
 e - a ring of see invisible (left hand)
 s - an amulet of the gourmand (around neck)
Wands
 y - a wand of enslavement (9)
Scrolls
 a - a scroll of enchant weapon {unknown}
 d - 2 scrolls of magic mapping {unknown}
 f - a scroll of fog {unknown}
 k - 2 scrolls of blinking {unknown}
 m - a scroll of random uselessness {unknown}
 n - 4 scrolls of teleportation {unknown}
 w - 2 scrolls of remove curse {unknown}
 A - a scroll of noise {unknown}
Potions
 j - 6 potions of curing {unknown}
 o - a potion of might {unknown}
 p - a potion of cancellation {unknown}
 q - 2 potions of agility
 t - a potion of mutation {unknown}
 u - a potion of ambrosia {unknown}
 x - a potion of brilliance
 z - a potion of magic
 B - 2 potions of lignification
Comestibles
 c - 9 rations


   Skills:
 - Level 1.7 Dodging
 - Level 1.7 Stealth
 + Level 5.8 Spellcasting
 + Level 5.4 Conjurations
   Level 1.0 Transmutations
 + Level 6.8 Earth Magic
 + Level 5.9 Invocations


You had 9 spell levels left.
You knew the following spells:

 Your Spells              Type           Power        Failure   Level  Hunger
a - Sandblast             Erth           ####..       1%          1    None
b - Stone Arrow           Conj/Erth      ####..       3%          3    ##.....
c - Lee's Rapid Deconstr  Erth           ####......   21%         5    #####..

Your spell library contained the following spells:

 Spells                   Type           Power        Failure   Level  Hunger
 Passwall                 Tmut/Erth      ###.....     3%          2    None
 Beastly Appendage        Tmut           #.....       9%          1    None
 Sticks to Snakes         Tmut           #.......     12%         2    None
 Petrify                  Tmut/Erth      ###.....     24%         4    ####...
 Spider Form              Tmut/Pois      #.........   30%         3    ##.....
 Ice Form                 Ice/Tmut       #.......     69%         4    ####...
 Blade Hands              Tmut           #.........   92%         5    #####..


Dungeon Overview and Level Annotations

Branches:
Dungeon (6/15)
 Temple: D:4-7

Altars:
Dithmenos
Elyvilon
Hepliaklqana
Kikubaaqudgha
Nemelex Xobeh
Okawaru
Ru
Sif Muna
Uskayaw
Xom
Yredelemnul
The Shining One

Annotations:
D:5 3 runed translucent doors, Voker57's ghost, novice DsMo; alrianne's ghost, novice DsAK


Innate Abilities, Weirdness & Mutations

You can breathe blasts of scalding, opaque steam.
Your pale cyan-grey scales are hard. (AC +6)
You cannot fit into any form of body armour.
You are cold-blooded and may be slowed by cold attacks.


Message History

* * * LOW MAGIC WARNING * * *
The crimson imp blinks!
The yak gores you.
* * * LOW HITPOINT WARNING * * *
The yak barely misses you.
Throwing (i - inventory)
b - 182 stones (quivered)
Press: ? - help, Shift-Dir - straight line, f/p - yak
Aim: a yak (severely wounded)
You throw a stone.
The stone hits the yak but does no damage.
The yak is severely wounded.
The yak gores you but does no damage. The yak gores you!
* * * LOW HITPOINT WARNING * * *
Throwing (i - inventory)
b - 181 stones (quivered)
Press: ? - help, Shift-Dir - straight line, f/p - yak
Aim: a yak (severely wounded)
You throw a stone.
The stone hits the yak but does no damage.
The yak is severely wounded.
The yak gores you.
You die...

▒Y·Y ▒Y· ▒ ▒Y· ▒·
▒Y▒ ▒▒▒▒·▒▒·▒
········▒
····)···▒▒▒
··········▒▒▒▒▒
···········5Y@▒
·······▒▒(▒▒▒Y▒▒▒
······· ▒·▒····<▒
·······
▒·▒·▒▒▒▒▒·
·······
▒··········
·······
▒▒▒▒▒▒▒▒▒·▒ ····


You could see 2 yaks and a crimson imp.

Vanquished Creatures
  2 yaks (D:6)
  Sigmund (D:4)
  Menkaure (D:5)
  A sky beast (D:5)
  2 phantoms
  An ogre (D:4)
  A centaur (D:6)
  3 scorpions
  3 hounds (D:4)
  5 orc priests
  A centaur skeleton (D:4)
  2 iguanas (D:4)
  5 orc wizards
  Crazy Yiuf (D:2)
  Jessica (D:3)
  Terence (D:2)
  Robin (D:4)
  9 adders
  A shadow imp (D:4)
  An ooze (D:4)
  A worm (D:2)
  An adder zombie (D:6)
  5 dart slugs
  7 leopard geckos
  25 orcs
  A ball python (D:2)
  11 bats
  3 giant cockroaches
  14 goblins
  8 hobgoblins
  4 jackals (D:2)
  8 kobolds
  4 quokkas
  4 frilled lizards
  10 rats
149 creatures vanquished.

Vanquished Creatures (others)
  3 withered plants (D:5)
3 creatures vanquished.

Grand Total: 152 creatures vanquished

Notes
Turn   | Place    | Note
-------+----------+-------------------------------------------
     0 | D:1      | Azzok the Draconian Earth Elementalist began the quest for
                  | the Orb.
     0 | D:1      | Reached XP level 1. HP: 14/14 MP: 3/3
   379 | D:1      | Reached XP level 2. HP: 20/20 MP: 3/5
  1601 | D:2      | Reached XP level 3. HP: 26/26 MP: 7/7
  1606 | D:2      | Learned a level 3 spell: Stone Arrow
  1650 | D:2      | Found a basalt altar of Yredelemnul.
  1662 | D:2      | Found a glowing golden altar of the Shining One.
  1674 | D:2      | Found an iron altar of Okawaru.
  1675 | D:2      | Found a deep blue altar of Sif Muna.
  1766 | D:2      | Became a worshipper of Sif Muna the Loreminder
  1997 | D:2      | Found a shadowy altar of Dithmenos.
  2087 | D:2      | Reached XP level 4. HP: 30/33 MP: 4/8
  2181 | D:2      | Found a sacrificial altar of Ru.
  2194 | D:2      | Reached skill level 1 in Conjurations
  2194 | D:2      | Reached skill level 1 in Invocations
  2317 | D:2      | Found a runed translucent door.
  2318 | D:2      | Noticed Crazy Yiuf
  2323 | D:2      | Killed Crazy Yiuf
  2323 | D:2      | Reached skill level 4 in Earth Magic
  2457 | D:2      | Noticed Terence
  2492 | D:2      | Killed Terence
  2492 | D:2      | Reached XP level 5. HP: 21/38 MP: 1/9
  2973 | D:2      | Found a white marble altar of Elyvilon.
  3077 | D:3      | Noticed Jessica
  3298 | D:3      | Killed Jessica
  3453 | D:3      | Reached * piety under Sif Muna
  3565 | D:3      | Found an ancient bone altar of Kikubaaqudgha.
  3678 | D:3      | Reached XP level 6. HP: 42/45 MP: 7/11
  4628 | D:4      | Noticed Sigmund
  4764 | D:4      | Killed Sigmund
  4764 | D:4      | Reached skill level 5 in Earth Magic
  4764 | D:4      | Your scales start taking on a pale cyan-grey colour.
  4764 | D:4      | Reached XP level 7. HP: 41/50 MP: 3/13
  4855 | D:4      | Noticed Robin
  4894 | D:4      | Killed Robin
  5124 | D:4      | Reached ** piety under Sif Muna
  5294 | D:4      | Learned a level 5 spell: Lee's Rapid Deconstruction
  5505 | D:4      | Found a sparkling altar of Nemelex Xobeh.
  5645 | D:4      | Found a hide-covered altar of Uskayaw.
  5837 | D:4      | Found a shimmering altar of Xom.
  5838 | D:4      | Found a hazy altar of Hepliaklqana.
  5838 | D:4      | Noticed a wyvern
  5839 | D:4      | Noticed a spectral ugly thing
  5839 | D:4      | Noticed a wyvern
  5886 | D:4      | Reached XP level 8. HP: 14/57 MP: 0/15
  6883 | D:5      | Entered Level 5 of the Dungeon
  7115 | D:5      | Reached skill level 5 in Spellcasting
  7115 | D:5      | Reached skill level 6 in Earth Magic
  7284 | D:5      | Reached skill level 5 in Invocations
  7441 | D:5      | Found a runed translucent gate.
  7447 | D:5      | Noticed alrianne's ghost (novice DsAK)
  7447 | D:5      | Noticed Voker57's ghost (novice DsMo)
  7448 | D:5      | Found a runed translucent gate.
  7448 | D:5      | Found a runed translucent gate.
  7529 | D:5      | Noticed Menkaure
  7537 | D:5      | Killed Menkaure
  8197 | D:6      | Reached skill level 5 in Conjurations
  8269 | D:6      | HP: 1/57 [yak (10)]
  8270 | D:6      | Slain by a yak

Levels and vault maps discovered:
D:1:      lightli_arrival_statue_moat, layout_basic
D:2:      layout_loops_ring, marbit_many_paths, lemuel_doored_altar, minitemple,
          first_ration, hangedman_decor_clover_reticule,
          nicolae_ru_great_annihilating_truth, uniq_crazy_yiuf_cottage,
          uniq_terence
D:3:      cheibrodos_old_hovel, layout_basic, kiku_gazebo_garden_becter,
          minmay_misc_feat_hallway, kennysheep_generic_room_5, uniq_jessica
D:4:      layout_basic, regret_index_temple_of_mockery,
          eat_drink_and_be_merry_uskayaw, minivault_27,
          nemelex_dance_club_becter, uniq_sigmund, uniq_robin
D:5:      layout_cave_pools, gammafunk_ghost_cemetery, kennysheep_potato,
          uniq_menkaure
D:6:      layout_basic, serial_shops, shop, chequers_serial_rivers_small_b,
          minmay_misc_feat_chi

Skill      XL: |  1  2  3  4  5  6  7  8 |
---------------+-------------------------+-----
Spellcasting   | 3 4 5 |  5.8
Conjurations   | 1 2 3 4 5 |  5.4
Invocations    | 1 2 3 4 5 |  5.9
Earth Magic    | 4 5 6 |  6.8
Dodging        | |  1.7
Stealth        | |  1.7
Transmutations | |  1.0

Action                   |  1- 3 |  4- 6 |  7- 9 || total
-------------------------+-------+-------+-------++-------
Melee: Short sword       |    58 |    70 |    80 ||   208
       Tailslap          |     4 |     9 |     8 ||    21
Throw: Stone             |       |       |     2 ||     2
 Cast: Sandblast         |    26 |    72 |    58 ||   156
       Stone Arrow       |       |    19 |    61 ||    80
 Abil: Breathe Steam     |       |       |     1 ||     1
  Use: Scroll            |       |       |     5 ||     5
 Stab: Sleeping          |     3 |     1 |       ||     4
       Paralysed         |       |     1 |       ||     1
  Eat: Chunk             |     4 |    10 |    12 ||    26
       Ration            |       |       |     1 ||     1
Armor: Skin              |    19 |    50 |    25 ||    94
Dodge: Dodged            |    30 |    85 |    58 ||   173

Table legend:
 A = Non-vault XP
 B = Vault XP
 C = Vault XP percentage of total XP
 D = Non-vault monster count
 E = Vault monster count
 F = Vault count percentage of total count
                 A         B        C        D         E       F
            +---------+---------+-------+---------+---------+-------
      Total |    2175 |     583 |  21.1 |     118 |      31 |  20.8
            +---------+---------+-------+---------+---------+-------
        D:1 |      38 |       0 |   0.0 |      22 |       0 |   0.0
        D:2 |      94 |     106 |  53.0 |      24 |       7 |  22.6
        D:3 |     215 |      44 |  17.0 |      28 |       5 |  15.2
        D:4 |     860 |     256 |  22.9 |      23 |      16 |  41.0
        D:5 |     310 |     177 |  36.3 |      13 |       3 |  18.8
        D:6 |     658 |       0 |   0.0 |       8 |       0 |   0.0
            +---------+---------+-------+---------+---------+-------
